 Dungeon Crawl Stone Soup version 0.27-a0-1090-gb115f176c6 (console) character file.

Game seed: 7473902838594682211

2957 nht the Slicer (level 9, -7/57 HPs)
             Began as a Demonspawn Earth Elementalist on Apr 27, 2021.
             Was an Elder of Fedhas.
             Killed from afar by an acid dragon (14 damage)
             ... with a splash of acid
             ... on level 8 of the Dungeon.
             The game lasted 00:10:57 (7057 turns).

nht the Slicer (Demonspawn Earth Elementalist)      Turns: 7057, Time: 00:10:58

Health: -7/57      AC:  3    Str:  8    XL:     9   Next: 52%
Magic:  5/15       EV: 12    Int: 19    God:    Fedhas [****..]
Gold:   218        SH:  0    Dex: 15    Spells: 11/12 levels left

rFire    . . .     SeeInvis .   g - +0 short sword (venom)
rCold    . . .     Faith    .   (no shield)
rNeg     . . .     Spirit   .   c - +0 robe
rPois    .         Reflect  .   (helmet restricted)
rElec    .         Harm     .   m - +0 cloak
rCorr    .         Rampage  +   t - +1 pair of gloves
Will     .....                  i - +1 pair of boots {rampage}
Stlth    ++........             u - amulet of regeneration
HPRegen  1.19/turn              (no ring)
MPRegen  0.14/turn              (no ring)

@: corroded, studying Short Blades
A: claws 2, horns 1, spiny 2
a: Renounce Religion, Wall of Briars, Grow Ballistomycete, Overgrow


You were on level 8 of the Dungeon.
You worshipped Fedhas.
Fedhas was greatly pleased with you.
You visited 1 branch of the dungeon, and saw 8 of its levels.

You collected 581 gold pieces.
You spent 363 gold pieces at shops.

Inventory:

Hand Weapons
 a - a +0 war axe
 g - a +0 short sword of venom (weapon)
 E - a +0 short sword of speed
Missiles
 b - 36 stones
 h - 7 atropa-tipped darts
 C - 2 curare-tipped darts
Armour
 c - a +0 robe (worn)
 d - a +0 buckler
 i - a +1 pair of boots of rampaging (worn)
 m - a +0 cloak (worn)
 t - a +1 pair of gloves (worn)
Jewellery
 q - an amulet of reflection
 u - an amulet of regeneration (around neck)
 A - a ring of fire
Wands
 D - a wand of digging (3)
Scrolls
 e - 3 scrolls of teleportation {unknown}
 f - a scroll of immolation
 l - 2 scrolls of silence
 o - 2 scrolls of fear {unknown}
 v - a scroll of amnesia {unknown}
 x - a scroll of vulnerability {unknown}
 y - 2 scrolls of enchant armour {unknown}
 B - 4 scrolls of magic mapping
 G - a scroll of enchant weapon {unknown}
 I - a scroll of noise {unknown}
Potions
 j - 2 potions of attraction
 k - a potion of brilliance
 n - a potion of heal wounds
 p - 2 potions of flight
 r - 2 potions of might
 s - a potion of berserk rage
 w - a potion of invisibility
 z - a potion of haste
 F - a potion of mutation {unknown}
 H - 2 potions of cancellation {unknown}
 J - a potion of degeneration {unknown}


   Skills:
 + Level 10.2 Short Blades
 - Level 1.7 Dodging
 - Level 1.7 Stealth
 - Level 4.7 Unarmed Combat
 - Level 2.0 Spellcasting
 - Level 0.8 Transmutations
 - Level 6.0 Earth Magic
 - Level 9.1 Invocations


You had 11 spell levels left.
You knew the following spells:

 Your Spells              Type           Power      Damage    Failure   Level
a - Sandblast             Erth           48%        2d12      1%          1

Your spell library contained the following spells:

 Spells                   Type           Power      Damage    Failure   Level
 Passwall                 Tmut/Erth      11%        N/A       6%          2
 Stone Arrow              Conj/Erth      26%        3d8       14%         3
 Magic Dart               Conj           4%         1d3       17%         1
 Searing Ray              Conj           2%         3d3       26%         2
 Lee's Rapid Deconstruct  Erth           12%        3d9*      36%         5
 Petrify                  Tmut/Erth      14%        N/A       38%         4
 Dazzling Flash           Conj/Hex       2%         N/A       45%         3
 Fulminant Prism          Conj/Hex       0%         3d6       86%         4
 Iskenderun's Mystic Bla  Conj/Tloc      1%         2d3       86%         4


Dungeon Overview and Level Annotations

Branches:
Dungeon (8/15)             Temple (0/1) D:7
   Lair: D:8-11

Altars:
Ashenzari
Cheibriados
Fedhas
Okawaru
Qazlal
Sif Muna
Uskayaw
Zin

Shops:
D:3 [   D:7 ?

Annotations:
D:4 dig


Innate Abilities, Weirdness & Mutations

You have very sharp fingernails.
You have a pair of small horns on your head.
You are mostly covered in sharp spines.


Message History

You kill the ice beast!
Fedhas accepts your kill.
Your Short Blades skill increases to level 10!
You can't see any susceptible monsters within range! (Use Z to cast anyway.)
An acid dragon comes into view.
The blast of sand hits the acid dragon!
The acid dragon is moderately wounded.
The acid dragon roars!
The blast of sand hits the acid dragon but does no damage.
The acid dragon is moderately wounded.
The acid dragon spits acid at you. The splash of acid hits you!
You are splashed with acid!
The blast of sand hits the acid dragon but does no damage.
The acid dragon is moderately wounded.
The blast of sand hits the acid dragon!
The acid dragon is severely wounded.
The acid dragon is struck by your spines.
The acid dragon barely misses you. The acid dragon claws you.
The blast of sand hits the acid dragon but does no damage.
The acid dragon is almost dead.
The acid dragon closely misses you. The acid dragon claws you.
The blast of sand hits the acid dragon but does no damage.
The acid dragon is almost dead.
The acid dragon spits acid at you. The splash of acid hits you!
* * * LOW HITPOINT WARNING * * *
The acid corrodes you!
You are splashed with acid!
* * * LOW HITPOINT WARNING * * *
You are too injured to fight recklessly!
Casting: Sandblast (safe; 1% risk of failure)
Confirm with . or Enter, or press ? or * to list all spells.
Aiming: Sandblast (safe; 1% risk of failure)
Press: ? - help, Shift-Dir - straight line, f/p - acid dragon
Aim: an acid dragon (almost dead, catching its breath, 81% to hit)
The blast of sand hits the acid dragon but does no damage.
The acid dragon is almost dead.
The acid dragon spits acid at you. The splash of acid hits you!
You die...
Fedhas appreciates your contribution to the ecosystem.

≈≈≈≈≈█ █.█ █.█ █..█
█.██████
≈≈≈≈████.████████.████.█
█.█ ≈≈≈≈88...█.........█
█.█ █.█
.........█.........█
█.███.██████
.........█.........█
█.██........
≈≈≈≈88...█.........█
█.██........
≈≈≈█.....█.........█
█.██........
≈≈≈█.█████......D..█
█.██........ ≈≈██.█
█......@..█ █.██........
≈≈█... ██████████.██
█.████...... ≈≈█...
█.......██.█ █..█ █......
≈█ █.......██.█ ██.█
█...... ≈█ █.......██.███
█.█ ██.████ ≈█
█............█ █.██ █..█
≈█ █.......██.█.█ █..█
██.███ ██
█..........█.████.████....
█ █
█.......)█.█.██...........


You could see an acid dragon (catching breath).

Vanquished Creatures
  A boulder beetle (D:6)
  The ghost of senseless the Insei, an amateur DsTm (D:3)
  Duvessa (D:7)
  A water moccasin (D:8)
  2 ice beasts (D:8)
  A black bear (D:6)
  An orc warrior (D:8)
  2 sky beasts (D:7)
  2 phantoms
  2 centaurs
  2 kobold brigands
  A scorpion (D:5)
  Dowan (D:7)
  4 wights (D:7)
  A howler monkey (D:6)
  2 centaur zombies
  A bullfrog zombie (D:6)
  A centaur skeleton (D:7)
  2 hounds
  2 jellies
  An iguana (D:5)
  4 orc wizards (D:8)
  A killer bee zombie (D:7)
  6 adders
  7 gnolls
  A shadow imp (D:5)
  A white imp (D:6)
  An ufetubus (D:4)
  4 dart slugs
  12 orcs
  9 ball pythons
  8 endoplasms
  2 giant cockroaches (D:2)
  6 goblins
  3 hobgoblins
  5 quokkas
  2 bats
  9 frilled lizards
  15 kobolds
  5 rats
133 creatures vanquished.

Vanquished Creatures (collateral kills)
  17 ballistomycete spores
17 creatures vanquished.

Grand Total: 150 creatures vanquished

Notes
Turn   | Place    | Note
-------+----------+-------------------------------------------
     0 | D:1      | nht the Demonspawn Earth Elementalist began the quest for
                  | the Orb.
     0 | D:1      | Reached XP level 1. HP: 13/13 MP: 3/3
   205 | D:1      | Gained mutation: You are partially covered in sharp spines.
                  | [demonic ancestry]
   205 | D:1      | Reached XP level 2. HP: 19/19 MP: 1/5
   206 | D:1      | Found a faded altar of an unknown god.
   277 | D:1      | Became a worshipper of Fedhas Madash
   277 | D:1      | Reached * piety under Fedhas
   667 | D:1      | Gained mutation: You have a pair of small horns on your
                  | head. [demonic ancestry]
   667 | D:1      | Reached XP level 3. HP: 24/24 MP: 1/6
  1080 | D:2      | Reached ** piety under Fedhas
  1833 | D:3      | Found an iron altar of Okawaru.
  1954 | D:3      | Reached skill level 1 in Invocations
  1954 | D:3      | Reached XP level 4. HP: 30/30 MP: 4/7
  2153 | D:3      | Noticed senseless's ghost (amateur DsTm)
  2155 | D:3      | Found a transporter.
  2163 | D:3      | Found a transporter.
  2216 | D:3      | Found Utyruer's Armour Emporium.
  2502 | D:3      | Killed senseless's ghost
  2503 | D:3      | Reached skill level 5 in Earth Magic
  2503 | D:3      | Gained mutation: You are mostly covered in sharp spines.
                  | [demonic ancestry]
  2503 | D:3      | Reached XP level 5. HP: 22/35 MP: 5/8
  2676 | D:3      | Bought a +1 pair of boots of rampaging for 181 gold pieces
  2722 | D:4      | Found a broken altar of Ashenzari.
  3114 | D:5      | Entered Level 5 of the Dungeon
  3262 | D:5      | Reached XP level 6. HP: 41/41 MP: 6/9
  3425 | D:5      | Found a shimmering blue altar of Sif Muna.
  3428 | D:5      | Reached *** piety under Fedhas
  3587 | D:5      | Reached skill level 5 in Invocations
  3862 | D:5      | Found a hide-covered altar of Uskayaw.
  3946 | D:5      | Found a snail-covered altar of Cheibriados.
  4011 | D:5      | Gained mutation: You have sharp fingernails. [demonic
                  | ancestry]
  4011 | D:5      | Reached XP level 7. HP: 46/46 MP: 9/11
  4036 | D:5      | Found a stormy altar of Qazlal.
  4272 | D:6      | Reached skill level 1 in Unarmed Combat
  4545 | D:6      | Noticed a boulder beetle
  4585 | D:6      | Killed a boulder beetle
  4586 | D:6      | Reached XP level 8. HP: 46/52 MP: 0/14
  5136 | D:6      | Reached skill level 1 in Short Blades
  5217 | D:7      | Found Dofeqeat's Magic Scroll Shop.
  5225 | D:7      | Reached skill level 2 in Short Blades
  5231 | D:7      | Bought a scroll of identify for 28 gold pieces
  5231 | D:7      | Bought a scroll of identify for 28 gold pieces
  5231 | D:7      | Bought a scroll of identify for 28 gold pieces
  5234 | D:7      | Bought 2 scrolls of magic mapping for 98 gold pieces
  5272 | D:7      | Reached skill level 3 in Short Blades
  5275 | D:7      | Reached skill level 4 in Short Blades
  5496 | D:7      | Reached skill level 5 in Short Blades
  5550 | D:7      | Reached skill level 6 in Short Blades
  5625 | D:7      | Gained mutation: You have very sharp fingernails. [demonic
                  | ancestry]
  5625 | D:7      | Reached XP level 9. HP: 57/57 MP: 8/15
  5736 | D:7      | Noticed Duvessa
  5736 | D:7      | Noticed Dowan
  5745 | D:7      | Killed Duvessa
  5746 | D:7      | Reached skill level 7 in Short Blades
  5749 | D:7      | Killed Dowan
  5899 | D:7      | Found a staircase to the Ecumenical Temple.
  6374 | D:8      | Reached skill level 8 in Short Blades
  6655 | D:8      | Reached skill level 9 in Short Blades
  6792 | D:8      | Reached **** piety under Fedhas
  6923 | D:8      | Found a blossoming altar of Fedhas.
  7028 | D:8      | Reached skill level 10 in Short Blades
  7057 | D:8      | Killed from afar by an acid dragon

Illustrated notes

Levels and vault maps discovered:
D:1:      erik_arrival_triangle_medium, layout_rooms,
          hellmonk_ecumenical_altar_blasted
D:2:      layout_loops_ring, corexii_corridor_pit, grunt_ministairs_6,
          grunt_decor_fettered
D:3:      layout_rooms, amcnicky_altar_gilded, serial_shops, shop,
          gammafunk_ghost_arena
D:4:      cheibrodos_quashed, layout_basic, lemuel_crystal_altar
D:5:      layout_gridville, nicolae_overflow_hidden_temple, marbit_many_paths,
          gammafunk_temple_overflow_forgotten
D:6:      layout_basic, minmay_manual_monolith
D:7:      layout_loops_ring, minmay_temple_entry_tees, serial_shops, shop,
          minmay_between, uniq_duvessa
D:8:      wander_river, layout_basic, fedhas_altar_4, dk_noncrumbling_4,
          minmay_misc_feat_iff

Skill      XL: |  1  2  3  4  5  6  7  8  9 |
---------------+----------------------------+-----
Earth Magic    | 3 4 5 6 |  6.0
Invocations    | 1 3 4 5 9 |  9.1
Unarmed Combat | 4 |  4.7
Short Blades   | 6 10 | 10.2
Dodging        | |  1.7
Stealth        | |  1.7
Spellcasting   | |  2.0
Transmutations | |  0.8

Action                   |  1- 3 |  4- 6 |  7- 9 || total
-------------------------+-------+-------+-------++-------
Melee: Short sword       |     3 |     4 |    13 ||    20
       Headbutt          |       |       |     2 ||     2
 Cast: Sandblast         |    58 |    52 |   122 ||   232
Invok: Grow Ballistomyce |       |       |     3 ||     3
Evoke: Wand              |       |       |    13 ||    13
  Use: Scroll            |       |     4 |     6 ||    10
       Potion            |       |     1 |       ||     1
 Stab: Sleeping          |       |       |     1 ||     1
Armor: Robe              |     2 |     5 |    18 ||    25
Dodge: Dodged            |     5 |    12 |    31 ||    48
Block: Other             |       |     1 |       ||     1

Table legend: (Time is in decaauts)
 A = Elapsed time spent in this place.
 B = Non-inter-level travel time spent in this place.
 C = Inter-level travel time spent in this place.
 D = Time resting spent in this place.
 E = Time spent auto-exploring this place.
 F = Levels seen in this place.
 G = Mean time per level.
                   A        B        C        D        E       F      G
               +--------+--------+--------+--------+--------+-----+--------+
         Total |   7075 |   6713 |    362 |      0 |   5908 |   8 |  884.4 |
       Dungeon |   7075 |   6713 |    362 |      0 |   5908 |   8 |  884.4 |
               +--------+--------+--------+--------+--------+-----+--------+

Top non-repeatable levels by time:
     D:7: 1089 daAuts
     D:6: 1039 daAuts
     D:5: 990 daAuts
     D:2: 968 daAuts
     D:3: 864 daAuts
     D:1: 834 daAuts
     D:8: 762 daAuts
     D:4: 526 daAuts
